 Dungeon Crawl Stone Soup version 0.20-a0-309-gcba9277 (webtiles) character file.

22554 Junicave the Geomancer (level 13, 0/76 HPs)
             Began as a Gargoyle Earth Elementalist on Dec 19, 2016.
             Was an Elder of Vehumet.
             Slain by Rupert
             ... wielding a +1 vampiric battleaxe
              (20 damage)
             ... on level 2 of the Lair of Beasts on Dec 20, 2016.
             The game lasted 02:01:14 (27900 turns).

Junicave the Geomancer (GrEE)                      Turns: 27900, Time: 02:01:15

Health: 0/76       AC: 20    Str: 16      XL:     13   Next: 1%
Magic:  5/34       EV: 15    Int: 16 (18) God:    Vehumet [****..]
Gold:   335        SH:  5    Dex:  6 (8)  Spells: 4/29 levels left

rFire  . . .     SeeInvis .     Y - +1 dire flail
rCold  . . .     Gourm    .     F - +3 leather armour
rNeg   + + +     Faith    .     (shield currently unavailable)
rPois  ∞         Spirit   .     (no helmet)
rElec  +         Reflect  +     U - +2 cloak {MR+}
rCorr  .         Harm     .     q - +0 pair of gloves
MR     ++...                    (no boots)
Stlth  ..........               p - +5 amulet of reflection
                                M - +2 ring of evasion
                                y - ring of Fun {rN+++ MP+9 Str+3 Int-4 Stlth-}

@: starving
A: clever 1, clumsy 1, magic resistance 1, negative energy resistance 1,
electricity resistance, slow regeneration 1, wild magic 1, unbreathing,
petrification resistance, rot immunity, AC +9
a: Renounce Religion


You were on level 2 of the Lair of Beasts.
You worshipped Vehumet.
Vehumet was greatly pleased with you.
You were starving.

You visited 3 branches of the dungeon, and saw 17 of its levels.

You collected 1002 gold pieces.
You spent 667 gold pieces at shops.

Inventory:

Hand Weapons
 Y - a +1 dire flail (weapon)
Missiles
 b - 500 stones (quivered)
Armour
 q - a +0 pair of gloves (worn)
 r - a +2 shield of protection
 F - a +3 leather armour (worn)
 U - a +2 cloak of magic resistance (worn)
Jewellery
 p - a +5 amulet of reflection (around neck)
 w - an uncursed ring of protection from cold
 y - the ring of Fun (left hand) {rN+++ MP+9 Str+3 Int-4 Stlth-}
   (You bought it in a shop on level 7 of the Dungeon)

   [ring of magical power]

   It affects your strength (+3).
   It affects your intelligence (-4).
   It renders you almost immune to negative energy.
   It affects your magic capacity (+9).
   It makes you less stealthy.
 M - a +2 ring of evasion (right hand)
 W - an uncursed ring of see invisible
Wands
 a - a wand of confusion (7/48)
 s - a wand of teleportation (1/9)
 v - a wand of confusion (32/48)
 B - a wand of flame (29/48)
 N - a wand of disintegration (4/24)
 X - a wand of polymorph (10/24)
 Z - a wand of paralysis (8/24)
Scrolls
 g - 2 scrolls of fear
 i - 3 scrolls of fog
 j - a scroll of blinking
 l - a scroll of magic mapping
 u - 6 scrolls of remove curse
 L - 2 scrolls of recharging
 R - 4 scrolls of teleportation
Potions
 c - 3 potions of haste
 f - 4 potions of heal wounds
 h - 4 potions of curing
 k - 5 potions of ambrosia
 m - a potion of cancellation
 n - 2 potions of lignification
 A - a potion of agility
 E - 3 potions of brilliance {unknown}
 K - 2 potions of might {unknown}
Books
 e - a book of Geomancy

   Spells                             Type                      Level
   a - Sandblast                      Earth                        1
   b - Passwall                       Transmutation/Earth          2
   c - Stone Arrow                    Conjuration/Earth            3
   d - Petrify                        Transmutation/Earth          4
   e - Lee's Rapid Deconstruction     Earth                        5
 t - the Handbook of Spatial Bewitchment
   (You found it on level 1 of the Lair of Beasts)

   Spells                             Type                      Level
   a - Force Lance                    Conjuration/Translocation    4
   b - Metabolic Englaciation         Hexes/Ice                    5
   c - Disjunction                    Translocation                8
 x - a book of the Earth

   Spells                             Type                      Level
   a - Leda's Liquefaction            Hexes/Earth                  4
   b - Bolt of Magma                  Conjuration/Fire/Earth       5
   c - Statue Form                    Transmutation/Earth          6
   d - Iron Shot                      Conjuration/Earth            6
   e - Shatter                        Earth                        9
 P - a book of Flames

   Spells                             Type                      Level
   a - Flame Tongue                   Conjuration/Fire             1
   b - Throw Flame                    Conjuration/Fire             2
   c - Conjure Flame                  Conjuration/Fire             3
   d - Inner Flame                    Hexes/Fire                   3
   e - Sticky Flame                   Conjuration/Fire             4
   f - Fireball                       Conjuration/Fire             5
 V - a book of Conjurations

   Spells                             Type                      Level
   a - Magic Dart                     Conjuration                  1
   b - Searing Ray                    Conjuration                  2
   c - Dazzling Spray                 Conjuration/Hexes            3
   d - Fulminant Prism                Conjuration/Hexes            4
   e - Iskenderun's Mystic Blast      Conjuration                  4
   f - Iskenderun's Battlesphere      Conjuration/Charms           5
Miscellaneous
 T - a phial of floods
Comestibles
 d - 10 bread rations
 o - 12 fruits
 Q - 4 meat rations
 S - 8 royal jellies


   Skills:
 + Level 7.3 Fighting
 + Level 6.7 Maces & Flails
 - Level 5.2 Armour
 + Level 6.7 Dodging
 - Level 2.1 Stealth
 * Level 8.7 Spellcasting
 + Level 7.9 Conjurations
 - Level 0.7 Transmutations
 + Level 4.5 Fire Magic
 + Level 10.1 Earth Magic
 + Level 4.5 Poison Magic
 + Level 5.8 Evocations


You had 4 spell levels left.
You knew the following spells:

 Your Spells              Type           Power        Failure   Level  Hunger
a - Sandblast             Erth           ######       1%          1    None
b - Stone Arrow           Conj/Erth      #####.       1%          3    #......
c - Lee's Rapid Deconstr  Erth           ######....   3%          5    #####..
d - Poisonous Cloud       Conj/Pois/Air  ####......   32%         5    #####..
e - Ignite Poison         Fire/Tmut/Pois ###.....     4%          3    #......
f - Shock                 Conj/Air       ####         1%          1    None
g - Throw Frost           Conj/Ice       ####..       2%          2    None
h - Fireball              Conj/Fire      #####.....   11%         5    #####..


Dungeon Overview and Level Annotations

Branches:
Dungeon (13/15)            Temple (1/1) D:5            Lair (3/6) D:9
  Snake (0/4) Lair:2          Orc (0/2) D:12
  Swamp: Lair:2-4    Shoals: Lair:2-4    Vaults: D:13-14

Altars:
Ashenzari
Cheibriados
Dithmenos
Elyvilon
Fedhas
Gozag
Hepliaklqana
Kikubaaqudgha
Makhleb
Nemelex Xobeh
Okawaru
Qazlal
Ru
Sif Muna
Trog
Uskayaw
Vehumet
Xom
Yredelemnul
Zin
The Shining One

Shops:
D:7 =(=(%

Portals:
Trove: D:10 (give 5 scrolls of blinking)

Annotations:
D:2 Terence
Lair:2 Rupert


Innate Abilities, Weirdness & Mutations

You are resistant to torment.
Your stone body is resilient. (AC +9)
You are immune to poison.
You resist negative energy. (rN+)
You are resistant to electric shocks. (rElec)
You can survive without breathing.
You are immune to petrification.
You are immune to rotting.
Your mind is acute. (Int +2)
You are clumsy. (Dex -2)
You are resistant to hostile enchantments. (MR+)
You regenerate slowly when monsters are visible.
Your spells are a little harder to cast, but a little more powerful.


Message History

Casting: Stone Arrow
Confirm with . or Enter, or press ? or * to list all spells.
Aiming: Sandblast
Press: ? - help, Shift-Dir - straight line, f/p - Rupert
Aim: Rupert, wielding a vampiric battleaxe and wearing a ring mail (severely wounded)
The blast of sand hits Rupert.
Rupert is severely wounded.
Rupert roars madly and goes into a rage!
Rupert goes berserk!
You are starving!
Rupert rages.
Rupert misses you.
Rupert rages.
Rupert closely misses you. Rupert misses you. Rupert closely misses you.
Rupert hits you with a vampiric battleaxe!!
* * * LOW HITPOINT WARNING * * *
Rupert hits you with a vampiric battleaxe!!
You die...

####P### .......# .......# ######
.......# ####.##.###### .......#
####.#........... .......#
##.#P.'........... .......#
##.....#........... .......###
##..@#..............
.........#####..@#.#.#...........
.......+........P#...............
.......#.#.###..###.##..#####'P.#
#.#..####### ###.##.##### #.##.
.#..## ###...#.P# #..## .#..#
####.......## ###..##
...#######...(....#.# ###P##..#
.....#..#.#...8.....# #........
......#.#.........### #........


You could see Rupert (berserk).

Vanquished Creatures
  A hydra (Lair:2)
  The ghost of vogonpoet the Martial Artist, a journeyman MfTm of Okawaru (D:10)
  4 two-headed ogres
  2 unseen horrors
  An ugly thing (D:10)
  A salamander (shapeshifter) (D:13)
  A cyclops (D:13)
  The ghost of drd the Destroyer, a novice OpCj (D:6)
  A guardian serpent (Lair:2)
  A black mamba (Lair:1)
  Psyche (D:11)
  A centaur skeleton (D:13)
  5 spiny frogs
  2 komodo dragons (Lair:2)
  A queen bee (D:13)
  A polar bear (shapeshifter) (D:13)
  2 hippogriffs
  A wraith (D:12)
  A meliai zombie (D:13)
  2 wyverns
  7 yaks
  Grum (D:8)
  A hungry ghost (D:12)
  2 basilisks
  2 acid dragons
  5 water moccasins
  7 porcupines
  4 ice beasts
  3 orc warriors
  2 black bears (D:8)
  2 necrophages
  4 phantoms
  4 wolves
  3 ogres
  12 centaurs
  5 crocodiles
  2 big kobolds
  13 bullfrogs
  A wyvern zombie (D:10)
  A wyvern skeleton (D:11)
  7 scorpions
  20 killer bees
  A water moccasin skeleton (D:6)
  3 troll zombies (D:12)
  5 wights (D:12)
  A howler monkey (D:6)
  9 crimson imps
  4 bullfrog zombies
  A centaur zombie (D:6)
  A quasit (D:11)
  9 orc priests
  3 hounds
  9 orc wizards
  2 bullfrog skeletons
  2 gnoll shamans
  3 iguanas
  8 worker ants
  A killer bee zombie (D:6)
  5 ogre zombies (D:12)
  A hound skeleton (D:6)
  2 howler monkey zombies (D:6)
  2 howler monkey skeletons
  50 gnolls
  10 adders
  2 shadow imps
  An ooze (D:4)
  5 adder zombies (D:6)
  2 worms
  4 adder skeletons
  7 dart slugs
  8 leopard geckos
  38 orcs
  5 ball pythons
  7 giant cockroaches
  9 goblins
  15 hobgoblins
  25 jackals
  6 quokkas
  11 bats
  2 frilled lizards
  A goblin skeleton (D:12)
  3 goblin zombies (D:12)
  A hobgoblin skeleton (D:12)
  2 hobgoblin zombies (D:12)
  20 kobolds
  A leopard gecko zombie (D:6)
  An orc skeleton (D:12)
  17 orc zombies (D:12)
  2 quokka zombies (D:6)
  15 rats
481 creatures vanquished.

Vanquished Creatures (others)
  A troll (D:12)
  An ooze (D:3)
  3 orcs (D:3)
  2 jackals (D:3)
  A frilled lizard (D:3)
  2 fungi
  A plant (D:9)
11 creatures vanquished.

Grand Total: 492 creatures vanquished

Notes
Turn   | Place    | Note
-------+----------+-------------------------------------------
     0 | D:1      | Junicave the Gargoyle Earth Elementalist began the quest for the Orb.
     0 | D:1      | Reached XP level 1. HP: 10/10 MP: 3/3
   452 | D:1      | Reached XP level 2. HP: 15/15 MP: 5/5
   933 | D:1      | Reached skill level 4 in Earth Magic
  1477 | D:1      | Reached XP level 3. HP: 14/19 MP: 3/6
  1482 | D:1      | Learned a level 3 spell: Stone Arrow
  1978 | D:1      | Reached skill level 1 in Conjurations
  2297 | D:2      | Reached XP level 4. HP: 18/24 MP: 4/7
  3202 | D:3      | Noticed Terence
  3479 | D:3      | Found a stormy altar of Qazlal.
  3492 | D:3      | Reached XP level 5. HP: 12/28 MP: 2/9
  4021 | D:3      | Reached skill level 5 in Earth Magic
  4028 | D:3      | Reached XP level 6. HP: 30/32 MP: 0/11
  5266 | D:3      | Reached XP level 7. HP: 25/36 MP: 2/12
  5746 | D:3      | Reached skill level 1 in Fighting
  5913 | D:3      | Reached skill level 1 in Maces & Flails
  7163 | D:3      | Found a stormy altar of Qazlal.
  7205 | D:3      | Reached XP level 8. HP: 18/43 MP: 1/14
  7586 | D:3      | Reached skill level 6 in Earth Magic
  7975 | D:4      | Found a white marble altar of Elyvilon.
  9065 | D:5      | Entered Level 5 of the Dungeon
  9107 | D:5      | Found a staircase to the Ecumenical Temple.
  9125 | Temple   | Entered the Ecumenical Temple
  9391 | D:5      | Found a sacrificial altar of Ru.
 10102 | D:5      | Found a sacrificial altar of Ru.
 10102 | D:5      | Found a snail-covered altar of Cheibriados.
 10406 | D:5      | Reached skill level 1 in Evocations
 10419 | D:5      | Learned a level 5 spell: Lee's Rapid Deconstruction
 10629 | D:5      | Found a staircase to the Ecumenical Temple.
 10677 | D:5      | Found a sacrificial altar of Ru.
 10949 | D:5      | Found a sacrificial altar of Ru.
 10949 | D:5      | Found a snail-covered altar of Cheibriados.
 11304 | D:6      | Reached skill level 5 in Spellcasting
 11304 | D:6      | Reached skill level 7 in Earth Magic
 11359 | D:6      | Reached XP level 9. HP: 44/49 MP: 1/16
 11654 | D:6      | Reached skill level 5 in Conjurations
 12208 | D:6      | Reached skill level 1 in Armour
 12710 | D:6      | Noticed drd's ghost (novice OpCj)
 12737 | D:6      | Killed drd's ghost
 13368 | D:7      | Found Burch's Jewellery Boutique.
 13369 | D:7      | Found Kewamnod's Antique Weapon Shop.
 13584 | D:7      | Found Zaonur's Food Emporium.
 13636 | D:7      | Paralysed by fainting for 10 turns
 13655 | D:7      | Paralysed by fainting for 10 turns
 13715 | D:7      | Paralysed by fainting for 9 turns
 13752 | D:7      | Paralysed by fainting for 7 turns
 13778 | D:7      | Found Woakelua's Weapon Emporium.
 13845 | D:7      | Identified the Incunabulum of the Flying Arsonist
 13848 | D:7      | Found Numacw's Jewellery Shop.
 13884 | D:7      | Found a blossoming altar of Fedhas.
 14180 | D:7      | Found Kewamnod's Antique Weapon Shop.
 14194 | D:7      | Found Burch's Jewellery Boutique.
 14285 | D:7      | Found Numacw's Jewellery Shop.
 14306 | D:7      | Found a blossoming altar of Fedhas.
 14381 | D:7      | Found Woakelua's Weapon Emporium.
 14684 | D:8      | Noticed Grum
 15316 | D:8      | Reached XP level 10. HP: 54/56 MP: 15/19
 15401 | D:8      | Killed Grum
 16082 | D:8      | Found an opulent altar of Gozag.
 16244 | D:8      | Found an iron altar of Okawaru.
 16399 | D:8      | Reached skill level 5 in Dodging
 16601 | D:8      | Found an opulent altar of Gozag.
 16760 | D:8      | Found an iron altar of Okawaru.
 16980 | D:9      | Identified the Incunabulum of Stones and Air
 16988 | D:9      | Learned a level 5 spell: Poisonous Cloud
 16992 | D:9      | Learned a level 3 spell: Ignite Poison
 17014 | D:8      | Reached skill level 8 in Earth Magic
 17302 | D:9      | Found a staircase to the Lair.
 17529 | D:8      | Reached skill level 1 in Poison Magic
 17539 | D:8      | Reached skill level 1 in Fire Magic
 17558 | D:8      | HP: 2/58 [yak (10)]
 17563 | D:8      | Reached skill level 5 in Maces & Flails
 17931 | D:9      | Noticed a two-headed ogre
 17935 | D:9      | Killed a two-headed ogre
 17977 | D:9      | Found a radiant altar of Vehumet.
 17988 | D:9      | Became a worshipper of Vehumet
 18136 | D:9      | Reached skill level 5 in Fighting
 18136 | D:9      | Reached XP level 11. HP: 33/63 MP: 5/21
 18563 | D:9      | Noticed a two-headed ogre
 18568 | D:9      | Killed a two-headed ogre
 19312 | D:9      | Found a staircase to the Lair.
 19342 | D:9      | Found a radiant altar of Vehumet.
 19717 | D:10     | Entered Level 10 of the Dungeon
 19774 | D:10     | Reached * piety under Vehumet
 19774 | D:10     | Offered knowledge of Shock by Vehumet.
 19777 | D:10     | Learned a level 1 spell: Shock
 19811 | D:10     | Noticed vogonpoet's ghost (journeyman MfTm)
 19837 | D:10     | Killed vogonpoet's ghost
 20303 | D:10     | You fall through a shaft for 3 floors!
 20498 | D:13     | Noticed a cyclops
 20544 | D:13     | Noticed an orb spider
 20547 | D:13     | an orb spider changed into something unseen
 20687 | D:11     | Noticed a cyan ugly thing
 20701 | D:10     | Killed a cyan ugly thing
 20701 | D:10     | Reached skill level 5 in Armour
 20855 | D:10     | Found a portal to a secret trove of treasure.
 20989 | D:10     | Killed an unseen horror
 20989 | D:10     | Reached skill level 9 in Earth Magic
 21329 | D:10     | Found a portal to a secret trove of treasure.
 22475 | D:11     | Reached ** piety under Vehumet
 22475 | D:11     | Offered knowledge of Throw Frost by Vehumet.
 22701 | D:11     | Noticed a two-headed ogre
 22706 | D:11     | Killed a two-headed ogre
 22911 | D:11     | Noticed a two-headed ogre
 22917 | D:11     | Killed a two-headed ogre
 23096 | D:11     | Learned a level 2 spell: Throw Frost
 23102 | D:11     | Learned a level 5 spell: Fireball
 23190 | D:11     | Noticed an unseen horror
 23198 | D:11     | Killed an unseen horror
 23198 | D:11     | Reached XP level 12. HP: 67/70 MP: 1/23
 23206 | D:11     | Noticed Psyche
 23323 | D:11     | Killed Psyche
 23323 | D:11     | Reached skill level 5 in Evocations
 23697 | D:12     | Offered knowledge of Static Discharge by Vehumet.
 23788 | D:12     | Found a staircase to the Orcish Mines.
 23801 | D:12     | Reached *** piety under Vehumet
 23874 | D:12     | Offered knowledge of Force Lance by Vehumet.
 24153 | D:12     | Reached **** piety under Vehumet
 24391 | D:13     | Gained mutation: You are robust. (+10% HP) [mutagenic meat]
 24392 | D:13     | Lost mutation: You are robust. (+10% HP) [mutagenic meat]
 24393 | D:13     | Gained mutation: You have a pair of small antennae on your head. [mutagenic meat]
 25026 | D:13     | Offered knowledge of Lightning Bolt by Vehumet.
 25166 | D:13     | Noticed a fire dragon
 25616 | Lair:1   | Entered Level 1 of the Lair of Beasts
 25702 | Lair:1   | Lost mutation: You have a pair of small antennae on your head. [potion of mutation]
 25702 | Lair:1   | Gained mutation: Your spells are a little harder to cast, but a little more powerful. [potion of mutation]
 25702 | Lair:1   | Gained mutation: You are resistant to hostile enchantments. (MR+) [potion of mutation]
 25703 | Lair:1   | Gained mutation: You are clumsy. (Dex -2) [potion of mutation]
 25703 | Lair:1   | Gained mutation: You regenerate slowly when monsters are visible. [potion of mutation]
 25703 | Lair:1   | Gained mutation: Your mind is acute. (Int +2) [potion of mutation]
 25774 | Lair:1   | Identified a scroll of acquirement
 26050 | Lair:1   | Identified the Handbook of Spatial Bewitchment
 26422 | Lair:2   | Found a staircase to the Snake Pit.
 26920 | Lair:2   | Reached skill level 10 in Earth Magic
 27632 | D:7      | Bought the ring of Fun {rN+++ MP+9 Str+3 Int-4 Stlth-} for 667 gold pieces
 27709 | Lair:2   | Noticed an eight-headed hydra
 27713 | Lair:2   | Killed an eight-headed hydra
 27713 | Lair:2   | Reached XP level 13. HP: 44/76 MP: 22/25
 27860 | Lair:3   | Noticed Rupert
 27900 | Lair:2   | Slain by Rupert

Vault maps used:
D:1:      lemuel_arrival_rhombus, minmay_tiny_reverse_x
D:2:      minmay_tetromino_o4
D:3:      lemuel_castle_with_subvaults, grunt_qazlal_clouds,
          lightli_corner_chamber, uniq_terence
D:4:      lemuel_crystal_altar, kennysheep_flooded_box
D:5:      chequers_temple_overflow_statue_of_worship, first_bread,
          hangedman_ru_absence
D:6:      kennysheep_spiral_hall, serial_undead, serial_undead_d,
          serial_undead_a, serial_undead_e, serial_undead_b, serial_undead_b,
          serial_undead_f
D:7:      serial_shops, nicolae_shop_trees, nicolae_shop_overgrown_old_shop,
          nicolae_shop_statue_plus, shop, shop_fountains, fedhas_altar_4
D:8:      lemuel_round_altar, okawaru_altar_gauntlet_db, uniq_grum
D:9:      vehumet_altar_wand_db, minmay_lair_entry_grove
D:10:     enter_trove_0
D:11:     eino_small_chamber_without_monster, lightli_orcish_oven, uniq_psyche
D:12:     zombieorc2_lemuel
D:13:     david_vaults_4, david_nohive_1
Temple:   eino_temple_water
Lair:2:   minmay_snake_entry_spellcaster, lemuel_fruit_fields,
          grunt_megastairs_3
Lair:3:   swamp_mist, minivault_19, serial_bayou_shore_a, uniq_rupert

Skill      XL: |  1  2  3  4  5  6  7  8  9 10 11 12 |
---------------+-------------------------------------+-----
Earth Magic    | 4 5 7 8 9 10 | 10.1
Dodging        | 2 3 4 5 6 |  6.7
Conjurations   | 1 2 3 4 5 6 7 |  7.9
Spellcasting   | 3 4 5 6 7 8 |  8.7
Fighting       | 1 2 4 5 6 7 |  7.3
Maces & Flails | 2 3 4 5 6 |  6.7
Evocations     | 1 2 3 4 5 |  5.8
Armour         | 2 4 5 |  5.2
Poison Magic   | 1 3 4 |  4.5
Fire Magic     | 1 3 4 |  4.5
Stealth        | |  2.1
Transmutations | |  0.7

Action                   |  1- 3 |  4- 6 |  7- 9 | 10-12 | 13-15 || total
-------------------------+-------+-------+-------+-------+-------++-------
Melee: Unarmed           |   118 |       |       |       |       ||   118
       Whip              |    65 |   129 |       |       |       ||   194
       Flail             |       |    49 |   410 |   253 |       ||   712
       Dire flail        |       |       |       |   313 |       ||   313
 Cast: Sandblast         |    44 |    44 |   158 |   186 |     1 ||   433
       Stone Arrow       |       |    34 |   116 |   291 |    11 ||   452
       Shock             |       |       |       |    54 |       ||    54
       Throw Frost       |       |       |       |    35 |     1 ||    36
       Lee's Rapid Decon |       |       |       |     3 |     1 ||     4
Evoke: Wand              |       |       |     5 |     6 |       ||    11
  Use: Potion            |       |     1 |     2 |     3 |       ||     6
       Scroll            |       |       |     2 |    20 |       ||    22
 Stab: Sleeping          |     2 |       |     1 |     2 |       ||     5
  Eat: Chunk             |     5 |    14 |    29 |    44 |       ||    92
       Meat ration       |       |       |     1 |       |       ||     1
       Beef jerky        |       |       |     2 |     1 |       ||     3
       Pizza             |       |       |     1 |     2 |       ||     3
Armor: Robe              |    48 |       |       |       |       ||    48
       Leather armour    |    43 |    84 |   247 |   424 |       ||   798
Dodge: Dodged            |   144 |   188 |   488 |   678 |     5 ||  1503
Block: Other             |       |       |       |    90 |     1 ||    91
